PIO (24 & UNDER)
COLORADO COMMANDERS @ SEATTLE RAINIERS
08/07/2029
 
TOP OF THE 1ST
Colorado Commanders batting - Pitching for Seattle Rainiers : RHP Sean Hart
Pitching: RHP Sean Hart
Batting: SHB Pancho Vásquez 0-0: Ground out 3-1 (Groundball, 34)
Batting: RHB Júlio Ramos 0-0: Ball
1-0: Swinging Strike
1-1: Foul Ball, location: 2F
1-2: Ball
2-2: Foul Ball, location: 2F
2-2: Strikes out swinging
Batting: LHB Abraham Horton 0-0: Called Strike
0-1: Ball
1-1: Foul Ball, location: 2F
1-2: Foul Ball, location: 2F
1-2: Ball
2-2: Strikes out swinging, 2-3 out at first.
Top of the 1st over - 0 runs, 0 hits, 0 errors, 0 left on base; Colorado 0 - Seattle 0
BOTTOM OF THE 1ST
Seattle Rainiers batting - Pitching for Colorado Commanders : RHP Alejandro Herrera
Pitching: RHP Alejandro Herrera
Batting: RHB Roberto Casas 0-0: Ball
1-0: Called Strike
1-1: Ball
2-1: Ball
3-1: Base on Balls
Batting: RHB Juan Bruno 0-0: Ball
1-0: Swinging Strike
1-1: Ball
2-1: Fly out, F6 (Line Drive, 56)
Batting: LHB Darren Cook 0-0: Foul Ball, location: 2F
0-1: Ball
Roberto Casas steals 2nd base
1-1: Ground out 4-3 (Groundball, 4)
Roberto Casas to third
Batting: LHB David Hernández 0-0: Ball
1-0: Foul Ball, location: 2F
1-1: Swinging Strike
1-2: Fly out, F8 (Flyball, 78D)
Bottom of the 1st over - 0 runs, 0 hits, 0 errors, 1 left on base; Colorado 0 - Seattle 0
TOP OF THE 2ND
Colorado Commanders batting - Pitching for Seattle Rainiers : RHP Sean Hart
Batting: LHB Roberto Herrera 0-0: Ball
1-0: Foul Ball, location: 2F
1-1: Foul Ball, location: 2F
1-2: Strikes out swinging
Batting: RHB Joe Roberts 0-0: Called Strike
0-1: Ball
1-1: Ball
2-1: SINGLE (Line Drive, 56)
Batting: RHB Adrián Barrera 0-0: Foul Ball, location: 2F
0-1: Called Strike
0-2: Ball
1-2: Ball
2-2: Ball
3-2: Foul Ball, location: 2F
3-2: Foul Ball, location: 2F
3-2: Base on Balls
Joe Roberts to second
Batting: RHB Tony Barton 0-0: Reached on error, E5 (Groundball, 56)
Joe Roberts to third
Adrián Barrera to second
Batting: RHB Eric Patrick 0-0: Called Strike
0-1: DOUBLE (Groundball, 5L)
Joe Roberts scores
Adrián Barrera scores
Tony Barton to third
Runner from 3rd tries for Home, SAFE, no throw
Batting: RHB Cipriano Quintero 0-0: Ball
Eric Patrick steals 3rd base
1-0: Ball
2-0: Ground out 6-3 (Groundball, 6)
Eric Patrick scores
Batting: SHB Pancho Vásquez 0-0: Ball
1-0: Ball
2-0: Ball
3-0: Called Strike
3-1: Called Strike
3-2: SINGLE (Groundball, 56S) (infield hit)
Batting: RHB Júlio Ramos 0-0: Called Strike
0-1: Swinging Strike
0-2: Strikes out swinging
Top of the 2nd over - 4 runs, 3 hits, 1 error, 1 left on base; Colorado 4 - Seattle 0
BOTTOM OF THE 2ND
Seattle Rainiers batting - Pitching for Colorado Commanders : RHP Alejandro Herrera
Batting: RHB Jesús Ortíz 0-0: Fly out, F8 (Flyball, 8LM)
Batting: RHB John Eaves 0-0: Ball
1-0: Ball
2-0: Called Strike
2-1: Ball
3-1: Called Strike
3-2: Strikes out swinging
Batting: RHB Lionel Pona 0-0: Fly out, F3 (Popup, 3F)
Bottom of the 2nd over - 0 runs, 0 hits, 0 errors, 0 left on base; Colorado 4 - Seattle 0
TOP OF THE 3RD
Colorado Commanders batting - Pitching for Seattle Rainiers : RHP Sean Hart
Batting: LHB Abraham Horton 0-0: Called Strike
0-1: SINGLE (Groundball, 34D)
Batting: LHB Roberto Herrera 0-0: Swinging Strike
0-1: Foul Ball, location: 2F
0-2: Foul Ball, location: 2F
0-2: Ball
1-2: Ground out 3-1 (Groundball, 23)
Abraham Horton to second
Batting: RHB Joe Roberts 0-0: Ball
1-0: Ball
2-0: Fly out, F7 (Line Drive, 78D)
Batting: RHB Adrián Barrera 0-0: Called Strike
0-1: Called Strike
0-2: Strikes out swinging, 2-3 out at first.
Top of the 3rd over - 0 runs, 1 hit, 0 errors, 1 left on base; Colorado 4 - Seattle 0
BOTTOM OF THE 3RD
Seattle Rainiers batting - Pitching for Colorado Commanders : RHP Alejandro Herrera
Batting: SHB Dwight Hill 0-0: Called Strike
0-1: Fly out, F9 (Flyball, 9S)
Batting: RHB Cal Cox 0-0: Fly out, F9 (Flyball, 9)
Batting: RHB Roberto Casas 0-0: Ground out 6-3 (Groundball, 56)
Bottom of the 3rd over - 0 runs, 0 hits, 0 errors, 0 left on base; Colorado 4 - Seattle 0
TOP OF THE 4TH
Colorado Commanders batting - Pitching for Seattle Rainiers : RHP Sean Hart
Batting: RHB Tony Barton 0-0: Called Strike
0-1: SINGLE (Groundball, 56D)
Batting: RHB Eric Patrick 0-0: Ball
1-0: Ball
2-0: Ball
3-0: Called Strike
3-1: Swinging Strike
3-2: Grounds into double play, 6-4-3 (Groundball, 6)
Batting: RHB Cipriano Quintero 0-0: Called Strike
0-1: Ball
1-1: Foul Ball, location: 2F
1-2: Ball
2-2: Ball
3-2: Strikes out looking
Top of the 4th over - 0 runs, 1 hit, 0 errors, 0 left on base; Colorado 4 - Seattle 0
BOTTOM OF THE 4TH
Seattle Rainiers batting - Pitching for Colorado Commanders : RHP Alejandro Herrera
Batting: RHB Juan Bruno 0-0: Fly out, F4 (Line Drive, 4MD)
Batting: LHB Darren Cook 0-0: Called Strike
0-1: Ball
1-1: Fly out, F6 (Popup, 6D)
Batting: LHB David Hernández 0-0: Called Strike
0-1: Swinging Strike
0-2: Strikes out swinging
Bottom of the 4th over - 0 runs, 0 hits, 0 errors, 0 left on base; Colorado 4 - Seattle 0
TOP OF THE 5TH
Colorado Commanders batting - Pitching for Seattle Rainiers : RHP Sean Hart
Batting: SHB Pancho Vásquez 0-0: Called Strike
0-1: Ground out 4-3 (Groundball, 4)
Batting: RHB Júlio Ramos 0-0: Ball
1-0: Called Strike
1-1: Called Strike
1-2: Foul Ball, location: 2F
1-2: Ball
2-2: Strikes out looking
Batting: LHB Abraham Horton 0-0: Ball
1-0: Foul Ball, location: 2F
1-1: Ball
2-1: Foul Ball, location: 2F
2-2: Foul Ball, location: 2F
2-2: Ball
3-2: Fly out, F7 (Flyball, 78M)
Top of the 5th over - 0 runs, 0 hits, 0 errors, 0 left on base; Colorado 4 - Seattle 0
BOTTOM OF THE 5TH
Seattle Rainiers batting - Pitching for Colorado Commanders : RHP Alejandro Herrera
Batting: RHB Jesús Ortíz 0-0: Foul Ball, location: 2F
0-1: Swinging Strike
0-2: Foul Ball, location: 2F
0-2: Ball
1-2: Ball
2-2: Strikes out swinging
Batting: RHB John Eaves 0-0: SINGLE (Flyball, 8LS)
Batting: RHB Lionel Pona 0-0: Swinging Strike
0-1: Ball
1-1: Swinging Strike
1-2: Foul Ball, location: 2F
1-2: Ball
2-2: Strikes out looking
Batting: SHB Dwight Hill 0-0: Ball
1-0: Ball
2-0: SINGLE (Line Drive, 8LS)
John Eaves to second
Runner from 2nd tries for 3rd, SAFE, throw made to third
Batting: RHB Cal Cox 0-0: Swinging Strike
0-1: Hit by Pitch
Dwight Hill to second
Batting: RHB Roberto Casas 0-0: Ball
1-0: Swinging Strike
1-1: Ball
2-1: Fly out, F6 (Flyball, 56D)
Bottom of the 5th over - 0 runs, 2 hits, 0 errors, 3 left on base; Colorado 4 - Seattle 0
TOP OF THE 6TH
Colorado Commanders batting - Pitching for Seattle Rainiers : RHP Sean Hart
Batting: LHB Roberto Herrera 0-0: Ball
1-0: Ball
2-0: Ball
3-0: Called Strike
3-1: Fly out, F7 (Flyball, 78D)
Batting: RHB Joe Roberts 0-0: Swinging Strike
0-1: Ball
1-1: Ball
2-1: Foul Ball, location: 2F
2-2: Foul Ball, location: 2F
2-2: Ball
3-2: Foul Ball, location: 2F
3-2: Base on Balls
Batting: RHB Adrián Barrera 0-0: Ball
1-0: Swinging Strike
1-1: Foul Ball, location: 2F
1-2: Ball
2-2: Ball
3-2: Base on Balls
Joe Roberts to second
Pitching: RHP José Rivera
Batting: RHB Tony Barton 0-0: Called Strike
0-1: Ball
1-1: Foul Ball, location: 2F
1-2: Ball
2-2: Ball
3-2: Fly out, F6 (Popup, 4MS)
Batting: RHB Eric Patrick 0-0: Foul Ball, location: 2F
0-1: Ball
1-1: Ball
2-1: Fly out, F9 (Flyball, 9S)
Top of the 6th over - 0 runs, 0 hits, 0 errors, 2 left on base; Colorado 4 - Seattle 0
BOTTOM OF THE 6TH
Seattle Rainiers batting - Pitching for Colorado Commanders : RHP Alejandro Herrera
Batting: RHB Juan Bruno 0-0: Called Strike
0-1: Called Strike
0-2: Strikes out looking
Batting: LHB Darren Cook 0-0: Called Strike
0-1: Foul Ball, location: 2F
0-2: Strikes out looking
Batting: LHB David Hernández 0-0: Ball
1-0: Foul Ball, location: 2F
1-1: Called Strike
1-2: Ball
2-2: Ball
3-2: Ground out 4-3 (Groundball, 4)
Bottom of the 6th over - 0 runs, 0 hits, 0 errors, 0 left on base; Colorado 4 - Seattle 0
TOP OF THE 7TH
Colorado Commanders batting - Pitching for Seattle Rainiers : RHP José Rivera
Batting: RHB Cipriano Quintero 0-0: Ball
1-0: Called Strike
1-1: Ball
2-1: Ball
3-1: Foul Ball, location: 2F
3-2: Foul Ball, location: 2F
3-2: Base on Balls
Batting: SHB Pancho Vásquez 0-0: Ball
1-0: Ball
2-0: Sac Bunt - play at first, batter OUT! 1-4
Cipriano Quintero to second
Batting: RHB Júlio Ramos 0-0: Ball
1-0: SINGLE (Line Drive, 7S)
Cipriano Quintero to third
Runner from 3rd tries for Home, SAFE, throw made home
Júlio Ramos to second
Batting: LHB Abraham Horton 0-0: Foul Ball, location: 2F
0-1: Ball
1-1: Foul Ball, location: 2F
1-2: Foul Ball, location: 2F
1-2: Ball
2-2: Ball
3-2: Base on Balls
Batting: LHB Roberto Herrera 0-0: Foul Ball, location: 2F
0-1: Foul Ball, location: 2F
0-2: Ball
1-2: Strikes out looking
Batting: RHB Joe Roberts 0-0: Ground out U3 (Groundball, 34)
Top of the 7th over - 1 run, 1 hit, 0 errors, 2 left on base; Colorado 5 - Seattle 0
BOTTOM OF THE 7TH
Seattle Rainiers batting - Pitching for Colorado Commanders : RHP Alejandro Herrera
Batting: RHB Jesús Ortíz 0-0: Called Strike
0-1: Ball
1-1: SINGLE (Groundball, 34) (infield hit)
Batting: RHB John Eaves 0-0: Ball
1-0: Ball
2-0: Called Strike
2-1: Ball
3-1: Grounds into double play, 4-6-3 (Groundball, 4)
Batting: RHB Lionel Pona 0-0: Called Strike
0-1: Ball
1-1: Ground out 5-3 (Groundball, 56)
Bottom of the 7th over - 0 runs, 1 hit, 0 errors, 0 left on base; Colorado 5 - Seattle 0
TOP OF THE 8TH
Colorado Commanders batting - Pitching for Seattle Rainiers : RHP José Rivera
Batting: RHB Adrián Barrera 0-0: Called Strike
0-1: Called Strike
0-2: Strikes out swinging
Batting: RHB Tony Barton 0-0: Ball
1-0: Ball
2-0: Called Strike
2-1: Swinging Strike
2-2: Strikes out looking
Batting: RHB Eric Patrick 0-0: Called Strike
0-1: Swinging Strike
0-2: Ball
1-2: Ball
2-2: Ball
3-2: Strikes out swinging
Top of the 8th over - 0 runs, 0 hits, 0 errors, 0 left on base; Colorado 5 - Seattle 0
BOTTOM OF THE 8TH
Seattle Rainiers batting - Pitching for Colorado Commanders : RHP Alejandro Herrera
Now at 3B: Alfredo Salinas
Batting: SHB Dwight Hill 0-0: Ball
1-0: Fly out, F8 (Flyball, 8RD)
Batting: RHB Cal Cox 0-0: Called Strike
0-1: Ball
1-1: Foul Ball, location: 2F
1-2: Strikes out swinging
Batting: RHB Roberto Casas 0-0: Ball
1-0: Ball
2-0: Swinging Strike
2-1: Ball
3-1: Foul Ball, location: 2F
3-2: Strikes out swinging
Bottom of the 8th over - 0 runs, 0 hits, 0 errors, 0 left on base; Colorado 5 - Seattle 0
TOP OF THE 9TH
Colorado Commanders batting - Pitching for Seattle Rainiers : RHP José Rivera
Batting: RHB Cipriano Quintero 0-0: Foul Ball, location: 2F
0-1: Ball
1-1: Called Strike
1-2: Strikes out looking
Batting: SHB Pancho Vásquez 0-0: Ball
1-0: Foul Ball, location: 2F
1-1: Hit by Pitch
Batting: RHB Júlio Ramos 0-0: Called Strike
Pancho Vásquez steals 2nd base
0-1: Ball
Pancho Vásquez steals 3rd base
1-1: Fly out, F8 (Line Drive, 78D)
Runner from 3rd tags up, SCORES, no throw
Batting: LHB Abraham Horton 0-0: Called Strike
0-1: Ball
1-1: Foul Ball, location: 2F
1-2: Strikes out looking
Top of the 9th over - 1 run, 0 hits, 0 errors, 0 left on base; Colorado 6 - Seattle 0
BOTTOM OF THE 9TH
Seattle Rainiers batting - Pitching for Colorado Commanders : RHP Alejandro Herrera
Batting: RHB Juan Bruno 0-0: Called Strike
0-1: Ball
1-1: Foul Ball, location: 2F
1-2: Ball
2-2: Strikes out swinging
Batting: LHB Darren Cook 0-0: Called Strike
0-1: Swinging Strike
0-2: Ball
1-2: Foul Ball, location: 2F
1-2: Ball
2-2: Foul Ball, location: 2F
2-2: Ball
3-2: Base on Balls
Batting: LHB David Hernández 0-0: Fly out, F9 (Flyball, 9LMF)
Batting: RHB Jesús Ortíz 0-0: Swinging Strike
0-1: Ball
1-1: Called Strike
1-2: Strikes out swinging
Bottom of the 9th over - 0 runs, 0 hits, 0 errors, 1 left on base; Colorado 6 - Seattle 0
Saturday, December 16th, 2017 - OOTP Baseball 18.8 Build 76